 Dungeon Crawl Stone Soup version 0.25-a0-388-g41a7e554cb (webtiles) character file.

Game seed: 6592419796190433151, levelgen mode: deterministic

701 Borgoz the Cudgeler (level 7, -2/66 HPs)
             Began as a Gargoyle Berserker on Jan 7, 2020.
             Was a Priest of Trog.
             Slain by an ogre
             ... wielding a +0 giant club
              (9 damage)
             ... on level 4 of the Dungeon.
             The game lasted 00:04:16 (4503 turns).

Borgoz the Cudgeler (Gargoyle Berserker)            Turns: 4503, Time: 00:04:16

Health: -2/66      AC: 10    Str: 27    XL:     7   Next: 66%
Magic:  7/7        EV: 12    Int:  7    God:    Trog [***...]
Gold:   143        SH:  0    Dex: 10    Spells: 6/6 levels left

rFire    . . .     SeeInvis .   p - +0 flail
rCold    . . .     Gourm    .   (no shield)
rNeg     + . .     Faith    .   q - +0 ring mail {MR+}
rPois    ∞         Spirit   .   (no helmet)
rElec    +         Reflect  .   (no cloak)
rCorr    .         Harm     .   (no gloves)
MR       +....                  (no boots)
Stlth    ..........             (no amulet)
HPRegen  0.21/turn              g - ring of attention (curse)
MPRegen  0.10/turn              (no ring)

@: berserking, very quick
A: negative energy resistance 1, electricity resistance, unbreathing,
petrification resistance, rot immunity, AC +4
a: Berserk, Trog's Hand, Renounce Religion


You were on level 4 of the Dungeon.
You worshipped Trog.
Trog was most pleased with you.
You were very hungry.

You visited 1 branch of the dungeon, and saw 4 of its levels.

You collected 143 gold pieces.

Inventory:

Hand Weapons
 p - a +0 flail (weapon)
Armour
 q - a +0 ring mail of magic resistance (worn)
Jewellery
 g - a cursed ring of attention (left hand)
Scrolls
 e - a scroll of amnesia {unknown}
 f - 2 scrolls of noise {unknown}
 l - a scroll of enchant armour {unknown}
Potions
 b - a potion of heal wounds {unknown}
 d - 2 potions of lignification
 h - a potion of resistance {unknown}
 i - 2 potions of cancellation
 j - a potion of might {unknown}
 k - 2 potions of curing
 m - a potion of brilliance
 n - a potion of mutation {unknown}
Comestibles
 a - 10 chunks of flesh
 c - 13 rations


   Skills:
 + Level 5.1 Fighting
 * Level 6.0 Maces & Flails
 + Level 4.4 Armour
 + Level 3.3 Dodging


You had 6 spell levels left.
You didn't know any spells.
Your spell library was empty.

Dungeon Overview and Level Annotations

Branches:
Dungeon (4/15)
 Temple: D:4-7

Altars:
Ashenzari
Fedhas
Gozag
Hepliaklqana
Makhleb
Ru
Sif Muna
The Shining One


Innate Abilities, Weirdness & Mutations

You are resistant to torment.
Your stone body is resilient. (AC +4)
You are immune to poison.
You resist negative energy. (rN+)
You are resistant to electric shocks. (rElec)
You can survive without breathing.
You are immune to petrification.
You are immune to rotting.


Message History

There is an open door here.
The ogre hits you with a +0 giant club!
You thump the ogre!
The ogre is moderately wounded.
The ogre closely misses you.
You hit the ogre.
The ogre is heavily wounded.
The ogre barely misses you.
You sock the ogre!
The ogre is severely wounded.
The ogre hits you with a +0 giant club!!
Ouch! That really hurt!
* * * LOW HITPOINT WARNING * * *
You are too injured to fight recklessly!
You are too injured to fight recklessly!
A red film seems to cover your vision as you go berserk!
You feel yourself moving faster!
You feel mighty!
You are feeling very hungry.
The ogre hits you with a +0 giant club!
You die...

#.....#.##...###
#.#.....#.##......
#.#.##..#.##......
#.#...).#.##......
#.#..#.##.##......
#.#.......###'#...
#.###########.#...
#O##.......##.#...
#@##.#####.##.##..
###'##.#........####
#....#.#.###.#######
#....#.#.# #.#......
#....#.#.###.#.#####
#......#...#.#.# #
#....#####.#.#.#####
#..........#.#.....#
#.....######.#####..


You could see an ogre.

Vanquished Creatures
  Duvessa (D:4)
  Dowan (D:4)
  A crimson imp (D:3)
  4 orc priests (D:4)
  A gnoll shaman (D:4)
  2 iguanas (D:4)
  2 worker ants (D:4)
  2 orc wizards
  8 gnolls
  5 adders
  An ooze (D:1)
  A dart slug (D:1)
  5 leopard geckos
  10 orcs
  6 bats
  3 giant cockroaches
  7 goblins
  9 hobgoblins
  3 jackals (D:2)
  11 kobolds
  A ball python (D:3)
  6 frilled lizards
  7 rats
97 creatures vanquished.

Notes
Turn   | Place    | Note
-------+----------+-------------------------------------------
     0 | D:1      | Borgoz the Gargoyle Berserker began the quest for the Orb.
     0 | D:1      | Reached XP level 1. HP: 14/14 MP: 1/1
   384 | D:1      | Reached XP level 2. HP: 14/19 MP: 2/2
   663 | D:1      | Reached XP level 3. HP: 21/23 MP: 3/3
   976 | D:2      | Found an opulent altar of Gozag.
  1309 | D:2      | Found a shattered altar of Ashenzari.
  1317 | D:2      | You fall into a shaft and drop 2 floors!
  1322 | D:4      | Found a blossoming altar of Fedhas.
  1517 | D:3      | Reached ** piety under Trog
  1554 | D:3      | Reached XP level 4. HP: 11/29 MP: 4/4
  1810 | D:3      | Found a sacrificial altar of Ru.
  1810 | D:3      | Found a burning altar of Makhleb.
  1897 | D:3      | Found a hazy altar of Hepliaklqana.
  1907 | D:3      | Reached skill level 4 in Maces & Flails
  1965 | D:3      | Reached XP level 5. HP: 22/33 MP: 5/5
  2579 | D:2      | Found a shimmering blue altar of Sif Muna.
  2668 | D:2      | Found a glowing golden altar of the Shining One.
  3616 | D:4      | Reached XP level 6. HP: 39/39 MP: 6/6
  3685 | D:4      | Noticed Duvessa
  3685 | D:4      | Noticed Dowan
  3692 | D:4      | Killed Duvessa
  3692 | D:4      | Reached skill level 5 in Maces & Flails
  3695 | D:4      | Killed Dowan
  3756 | D:4      | Reached XP level 7. HP: 35/44 MP: 7/7
  4015 | D:4      | Reached *** piety under Trog
  4120 | D:4      | Reached skill level 5 in Fighting
  4417 | D:4      | Reached skill level 6 in Maces & Flails
  4503 | D:4      | Slain by an ogre

Levels and vault maps discovered:
D:1:      nzn_arrival_crosshair, layout_loops_cross, minivault_11
D:2:      layout_loops_ring, tso_altar, ashenzari_altar_1, lemuel_doored_altar,
          lemuel_coloured_pillars_altar
D:3:      layout_basic, old_standard_altar, gammafunk_temple_overflow_elements,
          first_ration
D:4:      layout_basic, overflow_temple_1_default, uniq_duvessa

Skill      XL: |  1  2  3  4  5  6  7 |
---------------+----------------------+-----
Dodging        | 2 3 |  3.3
Maces & Flails | 4 5 6 |  6.0
Armour         | 3 4 |  4.4
Fighting       | 4 5 |  5.1

Action                   |  1- 3 |  4- 6 |  7- 9 || total
-------------------------+-------+-------+-------++-------
Melee: Mace              |   112 |   116 |       ||   228
       Flail             |       |    46 |    63 ||   109
Invok: Berserk           |       |     3 |     2 ||     5
       Trog's Hand       |       |     1 |       ||     1
  Use: Scroll            |       |     4 |     1 ||     5
       Potion            |       |     1 |       ||     1
 Stab: Sleeping          |     2 |       |       ||     2
  Eat: Chunk             |     2 |    11 |     3 ||    16
Armor: Animal skin       |    40 |    56 |       ||    96
       Scale mail        |       |     5 |       ||     5
       Ring mail         |       |       |    19 ||    19
Dodge: Dodged            |    62 |   102 |    45 ||   209

Table legend:
 A = Non-vault XP
 B = Vault XP
 C = Vault XP percentage of total XP
 D = Non-vault monster count
 E = Vault monster count
 F = Vault count percentage of total count
                 A         B        C        D         E       F
            +---------+---------+-------+---------+---------+-------
      Total |     781 |     221 |  22.1 |      95 |       2 |   2.1
            +---------+---------+-------+---------+---------+-------
        D:1 |      44 |       0 |   0.0 |      24 |       0 |   0.0
        D:2 |      39 |       0 |   0.0 |      14 |       0 |   0.0
        D:3 |     213 |       0 |   0.0 |      32 |       0 |   0.0
        D:4 |     485 |     221 |  31.3 |      25 |       2 |   7.4
            +---------+---------+-------+---------+---------+-------
